 Dungeon Crawl Stone Soup version 0.21.1-1-g345015fe64 (webtiles) character file.

371047 Engwar the Warrior (level 21, -5/182 HPs)
             Began as a Demonspawn Berserker on June 11, 2018.
             Was the Champion of Trog.
             Killed by a malign offering
             ... invoked by a deep elf high priest
              (11 damage)
             ... on level 3 of the Elven Halls on June 13, 2018.
             The game lasted 03:40:49 (48543 turns).

Engwar the Warrior (Demonspawn Berserker)          Turns: 48543, Time: 03:40:51

Health: -5/182     AC: 29    Str: 31    XL:     21   Next: 69%
Magic:  0/27       EV: 25    Int:  8    God:    Trog [******]
Gold:   3555       SH: 21    Dex: 20    Spells: 20/20 levels left

rFire    + + .     SeeInvis .   a - +6 demon blade (drain)
rCold    . . .     Gourm    .   j - +2 shield {AC+3}
rNeg     . . .     Faith    .   G - +1 fire dragon scales
rPois    .         Spirit   +   u - +2 helmet
rElec    .         Reflect  +   O - +1 cloak {MR+}
rCorr    +         Harm     .   (gloves unavailable)
MR       ++++.     Rnd*Rage +   f - +0 pair of boots
Stlth    +.........             v - +3 amulet of reflection
HPRegen  1.40/turn              d - +1 ring of slaying
MPRegen  0.20/turn              s - ring of Nilaanau {rCorr Str+3}

@: agile, lethally poisoned (-5 -> -7), about to teleport, berserk cooldown,
very slightly contaminated, regenerating, slowed, drained, very slow
A: claws 3, talons 1, yellow scales 3, berserk 1, cold resistance 1, powered by
pain 1, strong 1, magic shield, freezing cloud immunity
}: 2/15 runes: decaying, gossamer
a: Berserk, Trog's Hand, Brothers in Arms, Burn Spellbooks, Renounce Religion


You were on level 3 of the Elven Halls.
You worshipped Trog.
Trog was exalted by your worship.
You were very hungry.

You visited 7 branches of the dungeon, and saw 38 of its levels.
You visited the Abyss 1 time.
You also visited: Ossuary and Ice Cave.

You collected 4341 gold pieces.
You spent 786 gold pieces at shops.

Inventory:

Hand Weapons
 a - a +6 demon blade of draining (weapon)
 b - a +6 antimagic double sword
 U - the +5 executioner's axe of Freehold {chop, rN+ MR+ Int+4}
   (Trog gifted it to you on level 13 of the Dungeon)

   It inflicts extra damage upon your enemies.
   It affects your intelligence (+4).
   It protects you from negative energy.
   It affects your resistance to hostile enchantments.
Armour
 f - a +0 pair of boots (worn)
 j - a +2 shield of protection (worn)
 k - a +2 shield of reflection
 u - a +2 helmet (worn)
 w - a +4 scale mail of poison resistance
 G - +1 fire dragon scales (worn)
 H - the +15 Maxwell's patent armour {-Cast -Tele rElec MR+ rCorr}
   (You found it on level 1 of the Lair of Beasts)

   It insulates you from electricity.
   It affects your resistance to hostile enchantments.
   It prevents spellcasting.
   It prevents most forms of teleportation.
   It protects you from acid and corrosion.
 O - a +1 cloak of magic resistance (worn)
Jewellery
 d - a +1 ring of slaying (left claw)
 n - an uncursed ring of protection from cold
 s - the ring of Nilaanau (right claw) {rCorr Str+3}
   (You found it on level 2 of the Vaults)

   [ring of resist corrosion]

   It affects your strength (+3).
 v - a +3 amulet of reflection (around neck)
 J - an uncursed ring of see invisible
Wands
 e - a wand of paralysis (68)
 h - a wand of iceblast (24)
 x - a wand of acid (21)
 L - a wand of flame (58)
 S - a wand of disintegration (18)
Scrolls
 l - 20 scrolls of remove curse
 p - 5 scrolls of magic mapping
 q - 20 scrolls of teleportation
 t - a scroll of enchant weapon
 y - 6 scrolls of fog
 C - 10 scrolls of identify
 D - 7 scrolls of fear
 E - 2 scrolls of summoning
 I - 5 scrolls of blinking
Potions
 g - a potion of resistance
 i - 5 potions of flight
 m - a potion of brilliance
 o - 6 potions of haste
 r - 3 potions of might
 z - 3 potions of agility
 A - 4 potions of invisibility
 F - 7 potions of curing
 K - 2 potions of magic
Comestibles
 c - 32 rations
 B - 7 chunks of flesh


   Skills:
 + Level 19.8(18.8) Fighting
 - Level 16.6(15.7) Long Blades
   Level 4.1(3.4) Crossbows
 - Level 15.0(14.1) Armour
 - Level 12.9(12.0) Dodging
 - Level 16.3(15.3) Shields
 - Level 8.0(7.2) Evocations


You had 20 spell levels left.
You didn't know any spells.

Dungeon Overview and Level Annotations

Branches:
Dungeon (15/15)            Temple (0/1) D:6            Lair (6/6) D:9
  Swamp (4/4) Lair:3       Spider (4/4) Lair:3        Slime (0/5) Lair:5
    Orc (2/2) D:9             Elf (3/3) Orc:2        Vaults (4/5) D:13
  Crypt (0/3) Vaults:2     Depths (0/5) D:15

Altars:
Cheibriados
Dithmenos
Elyvilon
Fedhas
Gozag
Hepliaklqana
Okawaru
Sif Muna
Trog
Vehumet
Wu Jian
Xom
Yredelemnul
Zin
The Shining One
Beogh

Shops:
D:14 (   Orc:2 :!((   Elf:2 [   Elf:3 :   Vaults:1 *


Innate Abilities, Weirdness & Mutations

You have claws for hands.
You are completely covered in yellow scales. (AC +4, rCorr)
Your flesh is cold resistant. (rC+)
You sometimes gain a little power by taking damage.
When hurt, damage is shared between your health and your magic reserves.
You are immune to freezing clouds.
You have sharp toenails.
You tend to lose your temper in combat.
Your muscles are strong. (Str +2)


Message History

Some walls begin to move on their own!
The deep elf high priest moves out of view.
You hear a shout! x2
As you read the scroll of teleportation, it crumbles to dust.
You feel strangely unstable.
The deep elf annihilator gestures at you while chanting.
The poison arrow hits you!
You are poisoned.
* * * LOW HITPOINT WARNING * * *
You focus on the pain.
You feel your power returning.
Unknown command.
Unknown command.
Your skin crawls.
You feel resistant to hostile enchantments.
You feel somewhat more hungry.
You feel very sick.
The deep elf high priest is engulfed in freezing vapours.
The deep elf high priest utters a dark prayer and points at you.
Your life force is offered up.
You die...

***,***,**,,,,,* #e#.#
**,,,,.#..#*,,,,* #.).#
*,,,,.,....#*****##
####e#### **,,,..#..#.*
*#.#*#e.)?# #.
****#...<..***#.#*#.###(###.
*,,.....,*#.#*#e#* ##.##)
**,,,...*#.#*#.#* ##.#)
**,**#e#.#*#.#* ##)) **,**
#.@###.#* #.< **,**
*#.#§E§#* #.) *******,**
*#..##§§# ##.. **,,,,,,**
*#.#.*##§#* ##.#.
*,,,,,,,,**#e##.* #.§#*
##.##. ,,,,,,,,,,#.#*#.*
#.#.#* ##.###. ,,,,,,,,,..#*
#.* #.##.#*##.###..
*,,,,,,,,.#* #.* #$#*#.##.##
#.. **,,,,,,,** #.#*#.#
*#.[## ##.


You could see a deep elf annihilator, a deep elf high priest and an earth
elemental.

Vanquished Creatures
  Mara (Vaults:4)
  Saint Roka (Vaults:1)
  Margery (Vaults:4)
  Nikola (Spider:1)
  A bone dragon (Abyss:1)
  A profane servitor (Abyss:1)
  2 Ice Fiends (IceCv)
  A deep elf master archer (Elf:3)
  2 deep elf blademasters (Elf:3)
  A sphinx (Vaults:3)
  Agnes (Spider:1)
  2 thorn hunters
  Donald (Spider:1)
  Frances (Spider:1)
  Kirke (Lair:4)
  5 deep elf sorcerers
  6 vault wardens
  7 emperor scorpions
  Louise (Swamp:3)
  3 ghost moths
  The ghost of Naru the Severer, a journeyman HOFi of Elyvilon (D:15)
  A frost giant (Vaults:4)
  13 ironheart preservers
  2 deep elf elementalists (Elf:3)
  5 stone giants
  A vampire knight (Vaults:2)
  3 very ugly things (Vaults:2)
  7 entropy weavers
  8 deep elf annihilators
  6 deep elf demonologists
  2 spark wasps
  8 deep elf death magi
  Snorg (D:12)
  An eidolon (Vaults:2)
  3 fire dragons (Vaults:4)
  A deep elf high priest (Elf:3)
  4 great orbs of eyes
  Harold (Lair:1)
  3 yaktaur captains
  3 ice dragons
  14 hydras
  5 vault guards
  An anaconda (shapeshifter) (Vaults:4)
  A queen ant (Lair:2)
  9 centaur warriors
  Erica (Orc:1)
  8 ogre magi
  23 two-headed ogres
  32 dancing weapons
  11 alligators
  3 hell hogs (Abyss:1)
  3 orc high priests (Orc:2)
  2 tengu warriors (D:15)
  2 deep troll earth magi (Vaults:4)
  Urug (Lair:2)
  A spriggan berserker (Swamp:4)
  15 deep elf knights
  4 hell knights (Vaults:4)
  Sonja (D:15)
  6 skeletal warriors
  A death drake (shapeshifter) (Vaults:2)
  2 starcursed masses (Abyss:1)
  7 deep trolls (Vaults:4)
  An unseen horror (Vaults:1)
  A glowing orange brain (Vaults:4)
  5 wizards
  A shambling mangrove (Swamp:4)
  A swamp dragon (shapeshifter) (Vaults:3)
  15 swamp dragons
  2 spriggan druids
  A lindwurm (shapeshifter) (Vaults:1)
  An obsidian statue (Vaults:2)
  7 deep elf archers
  2 necromancers
  58 deep elf magi
  15 ironbrand convokers
  20 orc knights
  A tengu skeleton (Vaults:3)
  22 ugly things
  7 harpies
  18 orb spiders
  A sphinx zombie (Vaults:4)
  6 orc sorcerers
  41 wolf spiders
  A cyclops (shapeshifter) (Vaults:3)
  3 large abominations (Abyss:1)
  3 manticores
  A sphinx skeleton (Vaults:4)
  7 elephants
  6 cyclopes
  A frost giant skeleton (Vaults:3)
  A moth of wrath (Spider:4)
  4 black mambas
  A black mamba (shapeshifter) (Vaults:1)
  A guardian serpent (Lair:6)
  10 vault sentinels
  A yaktaur zombie (Vaults:4)
  A smoke demon (Abyss:1)
  2 gargoyles
  26 spiny frogs
  An eye of devastation (shapeshifter) (Vaults:2)
  4 ice statues
  37 yaktaurs
  8 komodo dragons
  2 torpor snails
  A rime drake (shapeshifter) (Vaults:2)
  10 demonic crawlers
  3 kobold demonologists (D:12)
  An efreet (D:14)
  2 rime drakes
  13 ice devils (IceCv)
  5 freezing wraiths
  A merfolk (shapeshifter) (Vaults:4)
  7 trolls
  29 jumping spiders
  A yaktaur skeleton (Vaults:4)
  3 meliai
  16 hornets
  A queen bee (D:13)
  49 slime creatures
  2 wind drakes (shapeshifter)
  A meliai (shapeshifter) (Vaults:3)
  4 tyrant leeches
  Grinder (D:5)
  4 dream sheep (Lair:5)
  Prince Ribbit (D:5)
  9 hippogriffs
  12 bog bodies
  A raiju (D:15)
  5 blink frogs (Lair:6)
  84 redbacks
  A frost giant simulacrum (Vaults:1)
  A stone giant simulacrum (Vaults:3)
  Sigmund (D:5)
  4 air elementals
  6 spriggans
  3 shadows
  A tarantella (shapeshifter) (Vaults:2)
  38 tarantellas
  4 wraiths
  A redback (shapeshifter) (Elf:2)
  A hog (Lair:4)
  10 wyverns
  54 yaks
  3 fire elementals (Elf:2)
  Grum (D:10)
  2 basilisks
  A yaktaur simulacrum (Vaults:1)
  2 hungry ghosts
  A swamp worm (shapeshifter) (D:15)
  26 vampire mosquitoes
  Menkaure (D:6)
  An acid dragon (D:14)
  18 swamp worms
  11 wargs
  12 insubstantial wisps
  A deep troll zombie (Vaults:3)
  Edmund (D:5)
  19 soldier ants
  A floating eye (shapeshifter) (Vaults:2)
  18 water moccasins
  Duvessa (D:5)
  A meliai simulacrum (D:14)
  A black bear (D:8)
  3 sky beasts
  12 swamp drakes
  Purgy (D:3)
  7 porcupines
  An ettin simulacrum (Vaults:1)
  43 orc warriors
  An eye of draining (D:10)
  4 ice beasts
  30 ogres
  21 wolves
  12 crocodiles
  31 centaurs
  8 big kobolds
  7 bullfrogs
  3 earth elementals (Elf:1)
  Dowan (D:5)
  17 scorpions
  A wyvern skeleton (D:13)
  2 small abominations (Abyss:1)
  2 human simulacra (Vaults:1)
  26 killer bees
  12 wights
  4 howler monkeys
  5 crimson imps
  5 centaur zombies
  2 human zombies
  26 orc priests
  4 bullfrog zombies
  15 hounds
  6 jellies
  Crazy Yiuf (D:3)
  3 bullfrog skeletons
  3 centaur skeletons
  16 orc wizards
  An iguana (D:10)
  47 worker ants
  3 big kobold zombies (Ossuary)
  3 mummies (Ossuary)
  A hound zombie (D:6)
  A hound skeleton (D:6)
  3 worker ant zombies
  Robin (D:3)
  7 gnolls
  9 adders
  5 scorpion zombies (Ossuary)
  2 shadow imps
  9 white imps (IceCv)
  5 ufetubi (IceCv)
  An ooze (D:4)
  2 adder zombies (D:9)
  3 adder skeletons
  3 worms
  2 leopard geckos
  75 orcs
  7 bats
  11 giant cockroaches
  10 goblins
  11 hobgoblins
  4 jackals (D:5)
  7 quokkas
  2 frilled lizards
  4 gnoll zombies (Ossuary)
  3 goblin zombies (Ossuary)
  2 hobgoblin zombies (Ossuary)
  A jackal skeleton (D:4)
  16 kobolds
  3 kobold zombies (Ossuary)
  A leopard gecko zombie (D:4)
  3 orc zombies (Ossuary)
  A quokka skeleton (D:4)
  8 rats
  A spectral orc (D:2)
  2 briar patches (Swamp:4)
  A butterfly (D:9)
1743 creatures vanquished.

Vanquished Creatures (collateral kills)
  A vault warden (Vaults:2)
  An ogre mage (Vaults:2)
  A yaktaur captain (Vaults:2)
  2 vault guards (Vaults:2)
  A two-headed ogre (D:9)
  2 skeletal warriors (Vaults:2)
  An orb spider (Spider:3)
  A wolf spider (Spider:3)
  2 yaktaurs (Vaults:2)
  A meliai (shapeshifter) (Vaults:2)
  A redback (Spider:3)
  A tarantella (Spider:3)
15 creatures vanquished.

Vanquished Creatures (others)
  Nessos (Lair:4)
  A deep elf archer (Vaults:3)
  An orb spider (Spider:2)
  A deep elf mage (Vaults:3)
  A cyclops (Vaults:2)
  A centaur skeleton (D:12)
  7 yaktaurs
  A bog body (Swamp:4)
  2 redbacks (Spider:1)
  A tarantella (Spider:1)
  An orc warrior (Vaults:3)
  A swamp drake (Swamp:1)
  3 centaurs
  A scorpion (D:4)
  2 wights (D:14)
  An orc wizard (D:4)
  2 worker ants (D:4)
  3 white imps (IceCv)
  An ufetubus (IceCv)
  An orc (Vaults:4)
  A frilled lizard (D:4)
  A briar patch (Swamp:4)
  13 fungi
  14 plants
62 creatures vanquished.

Grand Total: 1820 creatures vanquished

Notes
Turn   | Place    | Note
-------+----------+-------------------------------------------
     0 | D:1      | Engwar the Demonspawn Berserker began the quest for the Orb.
     0 | D:1      | Reached XP level 1. HP: 18/18 MP: 1/1
   801 | D:2      | Gained mutation: You have sharp fingernails. [demonic ancestry]
   801 | D:2      | Reached XP level 2. HP: 24/24 MP: 2/2
   820 | D:2      | Found a glowing golden altar of the Shining One.
  1223 | D:2      | Gained mutation: You are partially covered in yellow scales. (AC +2) [demonic ancestry]
  1223 | D:2      | Reached XP level 3. HP: 29/29 MP: 3/3
  1234 | D:2      | Reached ** piety under Trog
  1290 | D:2      | Found a radiant altar of Vehumet.
  1290 | D:2      | Found a snail-covered altar of Cheibriados.
  1388 | D:2      | Reached XP level 4. HP: 15/35 MP: 4/4
  1662 | D:2      | Found a basalt altar of Yredelemnul.
  1730 | D:2      | Found a faded altar of an unknown god.
  2071 | D:3      | Noticed Robin
  2111 | D:3      | Reached skill level 5 in Long Blades
  2125 | D:2      | HP: 1/35 [hobgoblin/club[Robin] (3)]
  2606 | D:3      | Gained mutation: You have very sharp fingernails. [demonic ancestry]
  2606 | D:3      | Reached XP level 5. HP: 30/41 MP: 5/5
  2653 | D:3      | Noticed Purgy
  2689 | D:3      | Killed Purgy
  3151 | D:3      | Killed Robin
  3151 | D:3      | Reached XP level 6. HP: 20/47 MP: 6/6
  3399 | D:3      | Found a runed door.
  3403 | D:3      | Noticed Crazy Yiuf
  3412 | D:3      | Killed Crazy Yiuf
  3756 | D:4      | Found a shimmering altar of Xom.
  4386 | D:4      | Reached XP level 7. HP: 38/52 MP: 4/7
  4447 | D:5      | Entered Level 5 of the Dungeon
  4447 | D:5      | Found a glowing silver altar of Zin.
  4447 | D:5      | Noticed an angel
  4459 | D:5      | Noticed Duvessa
  4459 | D:5      | Noticed Dowan
  4625 | D:5      | Killed Duvessa
  4631 | D:5      | Killed Dowan
  4651 | D:5      | Reached *** piety under Trog
  4757 | D:5      | Noticed Prince Ribbit
  4768 | D:5      | Killed Prince Ribbit
  4768 | D:5      | Gained mutation: You have claws for hands. [demonic ancestry]
  4768 | D:5      | Reached XP level 8. HP: 52/58 MP: 8/8
  4800 | D:5      | Noticed Edmund
  4814 | D:5      | Killed Edmund
  4842 | D:5      | Noticed Grinder
  4868 | D:5      | Paralysed by Grinder for 3 turns
  4877 | D:5      | Killed Grinder
  4968 | D:5      | Found a sand-covered staircase.
  4985 | Ossuary  | Entered an ossuary
  5235 | Ossuary  | Reached skill level 10 in Long Blades
  5523 | Ossuary  | Reached **** piety under Trog
  5740 | Ossuary  | Reached XP level 9. HP: 55/64 MP: 7/9
  5912 | Ossuary  | Reached skill level 4 in Fighting
  6293 | D:5      | Found a shimmering altar of Xom.
  6320 | D:5      | Found a hazy altar of Hepliaklqana.
  6432 | D:5      | Noticed Sigmund
  6455 | D:5      | Killed Sigmund
  6517 | D:6      | Reached skill level 5 in Fighting
  6524 | D:6      | Gained mutation: Your flesh is cold resistant. (rC+) [potion of mutation]
  6524 | D:6      | Gained mutation: Your muscles are strong. (Str +2) [potion of mutation]
  6524 | D:6      | Gained mutation: You tend to lose your temper in combat. [potion of mutation]
  6524 | D:6      | Gained mutation: You have sharp toenails. [potion of mutation]
  6549 | D:6      | Found an iron altar of Okawaru.
  6685 | D:6      | Found an ornate altar of the Wu Jian Council.
  6754 | D:6      | Found a staircase to the Ecumenical Temple.
  6824 | D:6      | Found a blossoming altar of Fedhas.
  6893 | D:6      | Reached skill level 5 in Shields
  7037 | D:7      | Noticed Menkaure
  7046 | D:6      | Killed Menkaure
  7502 | D:7      | Reached ***** piety under Trog
  7506 | D:7      | Reached skill level 5 in Armour
  7525 | D:7      | Found a bloodstained altar of Trog.
  7785 | D:7      | Found a white marble altar of Elyvilon.
  7997 | D:8      | Gained mutation: You are mostly covered in yellow scales. (AC +3) [demonic ancestry]
  7997 | D:8      | Reached XP level 10. HP: 74/74 MP: 10/10
  8132 | D:8      | Received a gift from Trog
  8164 | D:8      | Noticed a two-headed ogre
  8183 | D:8      | Killed a two-headed ogre
  9138 | D:9      | Found a staircase to the Lair.
  9523 | D:9      | Noticed a two-headed ogre
  9534 | D:9      | Killed a two-headed ogre
  9534 | D:9      | Reached skill level 5 in Dodging
  9548 | D:9      | Found an opulent altar of Gozag.
  9660 | D:9      | Found a runed door.
  9699 | D:9      | Found a runed door.
  9799 | D:9      | Found a staircase to the Orcish Mines.
  9836 | D:9      | Reached skill level 1 in Evocations
  9836 | D:9      | Gained mutation: You are completely covered in yellow scales. (AC +4, rCorr) [demonic ancestry]
  9836 | D:9      | Reached XP level 11. HP: 81/81 MP: 11/11
 10315 | Lair:1   | Entered Level 1 of the Lair of Beasts
 10604 | Lair:1   | Reached skill level 6 in Fighting
 10678 | Lair:1   | Reached skill level 7 in Fighting
 10809 | Lair:1   | Found the +15 Maxwell's patent armour {-Cast -Tele rElec MR+ rCorr}
 11070 | Lair:1   | Noticed Harold
 11097 | Lair:1   | Killed Harold
 11722 | Lair:2   | Noticed Urug
 11770 | Lair:2   | Killed Urug
 12345 | Lair:2   | Received a gift from Trog
 12574 | Lair:2   | Noticed a queen ant
 12597 | Lair:2   | Killed a queen ant
 12597 | Lair:2   | Reached XP level 12. HP: 87/91 MP: 12/15
 13077 | Lair:3   | Noticed a seven-headed hydra
 13414 | Lair:3   | Found a staircase to the Swamp.
 13593 | Lair:3   | Received a gift from Trog
 13805 | Lair:3   | Found a hole to the Spider Nest.
 13827 | Lair:3   | Reached skill level 10 in Armour
 13917 | Lair:3   | Killed an 11-headed hydra
 14364 | Lair:4   | Noticed Kirke
 14392 | Lair:4   | Killed Kirke
 14392 | Lair:4   | Reached skill level 8 in Fighting
 14502 | Lair:4   | Noticed Nessos
 14542 | Lair:4   | Killed Nessos
 14997 | Lair:5   | Reached XP level 13. HP: 93/100 MP: 13/16
 15002 | Lair:5   | Reached skill level 9 in Fighting
 15562 | Lair:5   | Found a staircase to the Slime Pits.
 15914 | Lair:6   | Entered Level 6 of the Lair of Beasts
 15969 | Lair:6   | Reached skill level 10 in Fighting
 16084 | Lair:6   | Reached skill level 1 in Crossbows
 16148 | Lair:6   | Reached ****** piety under Trog
 16157 | Lair:6   | Received a gift from Trog
 17277 | D:10     | Entered Level 10 of the Dungeon
 17962 | D:10     | Noticed Grum
 17970 | D:10     | Killed Grum
 18090 | Orc:1    | Entered Level 1 of the Orcish Mines
 18105 | D:9      | Gained mutation: You sometimes gain a little power by taking damage. [demonic ancestry]
 18105 | D:9      | Reached XP level 14. HP: 110/110 MP: 14/17
 18117 | D:9      | Reached skill level 10 in Dodging
 18354 | Orc:2    | Entered Level 2 of the Orcish Mines
 18470 | Orc:2    | Received a gift from Trog
 18592 | Orc:2    | Reached skill level 11 in Fighting
 18666 | Orc:2    | Found a staircase to the Elven Halls.
 18775 | Orc:2    | HP: 2/114 [orc warrior/halberd (17)]
 19164 | Orc:2    | Found Cusch's Book Boutique.
 19164 | Orc:2    | Found Rely's Antique Weapon Emporium.
 19166 | Orc:2    | Found Ixuonnei's Distillery.
 19166 | Orc:2    | Found Vonaom's Antique Weapon Emporium.
 19184 | Orc:2    | Bought a potion of curing for 30 gold pieces
 19184 | Orc:2    | Bought a potion of curing for 30 gold pieces
 19184 | Orc:2    | Bought a potion of might for 40 gold pieces
 19184 | Orc:2    | Bought a potion of curing for 30 gold pieces
 19184 | Orc:2    | Bought a potion of berserk rage for 50 gold pieces
 19184 | Orc:2    | Bought a potion of curing for 30 gold pieces
 19184 | Orc:2    | Bought a potion of lignification for 30 gold pieces
 19218 | Orc:2    | Found a deep blue altar of Sif Muna.
 19553 | Orc:1    | Reached skill level 12 in Fighting
 19643 | Orc:1    | Noticed Erica
 19651 | Orc:1    | Killed Erica
 19739 | Orc:1    | Received a gift from Trog
 20305 | D:11     | Got a vibrating platinum ring
 20751 | D:12     | Reached skill level 13 in Fighting
 20988 | D:12     | Noticed Snorg
 21003 | D:12     | Killed Snorg
 21708 | D:13     | Identified the ring of Qusuijie {*Drain rF+++ rC- rN+++ Str+5} (You found it on level 11 of the Dungeon)
 21794 | D:13     | Received a gift from Trog
 21832 | D:13     | Reached skill level 14 in Fighting
 22107 | D:13     | Reached XP level 15. HP: 121/126 MP: 16/18
 22212 | D:13     | Found a roughly hewn altar of Beogh.
 22440 | D:13     | Found a gate to the Vaults.
 22452 | D:13     | Received a gift from Trog
 22459 | D:13     | Got an encrusted executioner's axe {god gift}
 22460 | D:13     | Identified the +5 executioner's axe of Freehold {chop, rN+ MR+ Int+4} (Trog gifted it to you on level 13 of the Dungeon)
 22725 | D:14     | Reached skill level 15 in Fighting
 23223 | D:14     | Found Leqyowaatt's Weapon Shop.
 23439 | D:15     | Entered Level 15 of the Dungeon
 23461 | D:15     | Noticed Naru's ghost (journeyman HOFi)
 23493 | D:15     | Killed Naru's ghost
 23707 | D:15     | Found a staircase to the Depths.
 23853 | D:15     | Found a shadowy altar of Dithmenos.
 24182 | D:15     | Noticed Sonja
 24192 | D:15     | Cast into level 1 of the Abyss (Sonja)
 24261 | Abyss:1  | Noticed a bone dragon
 24262 | Abyss:1  | Received a gift from Trog
 24285 | Abyss:1  | Killed a bone dragon
 24440 | Abyss:1  | Noticed a profane servitor
 24477 | Abyss:1  | Killed a profane servitor
 24477 | Abyss:1  | Gained mutation: When hurt, damage is shared between your health and your magic reserves. [demonic ancestry]
 24477 | Abyss:1  | Reached XP level 16. HP: 109/136 MP: 14/19
 24479 | D:15     | Escaped the Abyss
 24486 | D:15     | Killed Sonja
 24890 | D:15     | Found a snail-covered altar of Cheibriados.
 25830 | Swamp:1  | Entered Level 1 of the Swamp
 25974 | Swamp:1  | Found a white marble altar of Elyvilon.
 27000 | Swamp:2  | Reached skill level 10 in Shields
 27182 | Swamp:2  | Noticed a thorn hunter
 27211 | Swamp:2  | Killed a thorn hunter
 27252 | Swamp:2  | Received a gift from Trog
 28666 | Swamp:3  | Noticed Louise
 28681 | Swamp:3  | Killed Louise
 29427 | Swamp:4  | Entered Level 4 of the Swamp
 29442 | Swamp:4  | Received a gift from Trog
 29604 | Swamp:4  | Received a gift from Trog
 30105 | Swamp:4  | Mutation became permanent: Your flesh is cold resistant. (rC+) [demonic ancestry]
 30105 | Swamp:4  | Gained mutation: Your flesh is cold resistant. (rC+) [demonic ancestry]
 30105 | Swamp:4  | Reached XP level 17. HP: 123/142 MP: 17/20
 30723 | Swamp:4  | Got a decaying rune of Zot
 30956 | Spider:1 | Entered Level 1 of the Spider Nest
 30956 | Spider:1 | Noticed Donald
 30972 | Spider:1 | Killed Donald
 31105 | Spider:1 | Found a frozen archway.
 31152 | IceCv    | Entered an ice cave
 31278 | IceCv    | Received a gift from Trog
 31425 | IceCv    | Noticed an Ice Fiend
 31426 | IceCv    | Noticed an Ice Fiend
 31446 | IceCv    | Killed an Ice Fiend
 31467 | IceCv    | Killed an Ice Fiend
 32342 | Spider:1 | Noticed Nikola
 32391 | Spider:1 | Killed Nikola
 32470 | Spider:1 | Received a gift from Trog
 32470 | Spider:1 | Reached skill level 15 in Shields
 32547 | Spider:1 | Noticed Agnes
 32555 | Spider:1 | Killed Agnes
 32982 | Spider:1 | Noticed Frances
 32990 | Spider:1 | Killed Frances
 33780 | Spider:2 | Received a gift from Trog
 33859 | Spider:2 | Received a gift from Trog
 34410 | Spider:2 | Reached XP level 18. HP: 138/149 MP: 19/21
 34886 | Spider:3 | Received a gift from Trog
 34993 | Spider:3 | Received a gift from Trog
 35782 | Spider:4 | Entered Level 4 of the Spider Nest
 36104 | Spider:4 | Received a gift from Trog
 36477 | Spider:4 | Reached skill level 15 in Armour
 36718 | Spider:4 | Reached skill level 5 in Evocations
 36757 | Spider:4 | Got a gossamer rune of Zot
 37085 | Vaults:1 | Entered Level 1 of the Vaults
 37570 | Vaults:1 | Received a gift from Trog
 37612 | Vaults:1 | Gained mutation: You are immune to freezing clouds. [demonic ancestry]
 37612 | Vaults:1 | Reached XP level 19. HP: 119/155 MP: 22/25
 38157 | Vaults:1 | Noticed Saint Roka
 38198 | Vaults:1 | Killed Saint Roka
 38394 | Vaults:1 | Found Ubran's Assorted Antiques.
 38401 | Vaults:1 | Bought a potion of curing for 126 gold pieces
 38401 | Vaults:1 | Bought a potion of haste for 420 gold pieces
 39646 | Vaults:2 | HP: 4/155 [vault warden/broad axe of electrocution (22)]
 39653 | Vaults:2 | Received a gift from Trog
 40495 | Vaults:2 | Got a transparent golden ring
 40497 | Vaults:2 | Identified the ring of Nilaanau {rCorr Str+3} (You found it on level 2 of the Vaults)
 40564 | Vaults:2 | Found a staircase to the Crypt.
 40886 | Vaults:3 | Received a gift from Trog
 40946 | Vaults:2 | Reached skill level 15 in Long Blades
 41446 | Vaults:3 | Reached XP level 20. HP: 45/162 MP: 12/26
 41868 | Vaults:3 | Received a gift from Trog
 41945 | Vaults:3 | Paralysed by a hornet for 3 turns
 43457 | Vaults:4 | Noticed Mara
 43460 | Vaults:4 | Noticed Engwar's illusion
 43477 | Vaults:4 | Killed Mara
 43531 | Vaults:4 | Received a gift from Trog
 43787 | Vaults:4 | Noticed Margery
 43801 | Vaults:4 | Killed Margery
 43801 | Vaults:4 | Reached skill level 16 in Fighting
 44930 | Elf:1    | Entered Level 1 of the Elven Halls
 44949 | Elf:1    | Received a gift from Trog
 44974 | Elf:1    | Reached skill level 17 in Fighting
 45129 | Elf:1    | Identified the Disquisition on Conjuration
 45680 | Elf:1    | Reached XP level 21. HP: 172/175 MP: 25/27
 45838 | Elf:2    | Received a gift from Trog
 45894 | Elf:2    | Found a runed gate.
 45894 | Elf:2    | Found a runed gate.
 45904 | Elf:2    | Found a runed gate.
 46370 | Elf:2    | Reached skill level 18 in Fighting
 46467 | Elf:2    | Found Zyhomih's Antique Armour Emporium.
 47117 | Elf:2    | Received a gift from Trog
 47579 | Elf:3    | Entered Level 3 of the Elven Halls
 47620 | Elf:3    | Found Feuwawn's Book Shop.
 47739 | Elf:3    | Reached skill level 19 in Fighting
 48220 | Elf:3    | Got a scorched wooden ring
 48224 | Elf:2    | Identified the cursed ring "Guodyon" {rPois rC- EV-3 Int+3 Slay+3} (You took it off a deep elf sorcerer on level 3 of the Elven Halls)
 48412 | Elf:3    | Received a gift from Trog
 48417 | Elf:3    | Got a twisted long sword {slice}
 48423 | Elf:3    | Identified the +9 long sword "Qyddakke" {slice, Dex+3} (You took it off a deep elf annihilator on level 3 of the Elven Halls)
 48542 | Elf:3    | HP: 7/182 [deep elf annihilator/poison arrow (27)]
 48543 | Elf:3    | Killed from afar by a deep elf high priest

Skill      XL: |  1  2  3  4  5  6  7  8  9 10 11 12 13 14 15 16 17 18 19 20 21 |
---------------+----------------------------------------------------------------+-----
Long Blades    | 3 4 5 6 8 10 12 13 14 15 16 | 16.6
Shields        | 2 5 7 13 16 | 16.3
Fighting       | 5 7 8 10 14 15 17 19 | 19.8
Armour         | 5 8 10 12 15 | 15.0
Dodging        | 5 9 10 12 | 12.9
Evocations     | 1 4 8 |  8.0
Crossbows      | 4 |  4.1

Action                   |  1- 3 |  4- 6 |  7- 9 | 10-12 | 13-15 | 16-18 | 19-21 || total
-------------------------+-------+-------+-------+-------+-------+-------+-------++-------
Melee: Falchion          |   102 |   267 |   713 |   717 |       |       |       ||  1799
       Kick              |       |       |    64 |       |       |       |       ||    64
       Long sword        |       |       |       |    33 |       |       |       ||    33
       Demon blade       |       |       |       |   369 |  1745 |  2296 |  1615 ||  6025
       Double sword      |       |       |       |       |       |       |   235 ||   235
 Fire: Triple crossbow   |       |       |       |     2 |       |       |       ||     2
Invok: Berserk           |     1 |     4 |     9 |    11 |     9 |     6 |    11 ||    51
       Trog's Hand       |       |     1 |     1 |       |     3 |     4 |     5 ||    14
       Brothers in Arms  |       |       |       |       |       |     1 |     2 ||     3
Evoke: Wand              |       |       |       |       |     1 |     3 |       ||     4
  Use: Scroll            |       |    12 |     7 |     7 |     9 |     9 |     8 ||    52
       Potion            |       |     2 |     2 |     1 |     6 |    13 |     3 ||    27
 Stab: Sleeping          |     2 |       |     1 |     1 |       |       |       ||     4
       Distracted        |       |       |       |       |     1 |       |       ||     1
       Confused          |       |       |       |       |       |     2 |       ||     2
  Eat: Chunk             |     2 |     8 |    12 |    20 |    24 |     8 |    25 ||    99
       Ration            |       |     2 |     3 |     6 |     5 |    13 |     7 ||    36
Armor: Leather armour    |    10 |       |       |       |       |       |       ||    10
       Animal skin       |     3 |       |       |       |       |       |       ||     3
       Ring mail         |    23 |    99 |    19 |       |       |       |       ||   141
       Scale mail        |       |       |   147 |   167 |       |   222 |       ||   536
       Skin              |       |       |     1 |       |       |   156 |       ||   157
       Plate armour      |       |       |       |   344 |   733 |   740 |   544 ||  2361
       Fire dragon scale |       |       |       |       |       |       |    26 ||    26
Dodge: Dodged            |    42 |    70 |   118 |   362 |   732 |   909 |   533 ||  2766
Block: Large shield      |    33 |    86 |       |       |       |       |       ||   119
       Shield            |       |    84 |   323 |   301 |    82 |  2140 |  1404 ||  4334
       Reflection        |       |       |     2 |     6 |    32 |    18 |   119 ||   177
       Other             |       |       |       |    44 |    40 |       |       ||    84
       Buckler           |       |       |       |       |   364 |       |       ||   364
       Rpst.: Falchion   |    14 |    16 |    37 |    62 |       |       |       ||   129
       Long sword        |       |       |       |     2 |       |       |       ||     2
       Demon blade       |       |       |       |    52 |   180 |   165 |    89 ||   486
       Double sword      |       |       |       |       |       |       |    22 ||    22
